 Dungeon Crawl Stone Soup version 0.18.1-8-gdd0e5ea (webtiles) character file.

5394 M4edhros the Martial Artist (level 10, -6/66 HPs)
             Began as an Octopode Necromancer on May 27, 2016.
             Was a Follower of Cheibriados.
             Mangled by a manticore (22 damage)
             ... on level 11 of the Dungeon.
             The game lasted 00:31:13 (5806 turns).

M4edhros the Martial Artist (Octopode Necromancer)  Turns: 5806, Time: 00:31:13

Health: -6/66      AC:  1    Str: 17    XL:     10   Next: 66%
Magic:  13/13      EV: 17    Int: 21    God:    Cheibriados [*.....]
Gold:   411        SH:  0    Dex: 21    Spells: 5 memorised, 1 level left

rFire  . . .     SeeInvis .       - Unarmed
rCold  + + .     Gourm    .     y - +2 buckler of the Crypt {-Tele *Corrode +Inv Str+9}
rNeg   . . .     Faith    .     (helmet restricted)
rPois  .         Spirit   .     H - +4 amulet of reflection
rElec  .         Dismiss  .     G - ring of protection from cold
rCorr  .         Reflect  +     (no ring)
SustAt .         Harm     .     (no ring)
MR     .....     NoTele   +     (no ring)
Stlth  ++........               (no ring)
                                (no ring)
                                (no ring)
                                (no ring)

@: confused, regenerating (expiring), very slow, not resistant to hostile
enchantments, unstealthy
A: almost no armour, amphibious, 8 rings, constrict 8, camouflage 1, agile 1,
blurry vision 1, cold resistance 1, screaming 1, weak 1, gelatinous body 1
a: Bend Time, Renounce Religion, Evoke Invisibility


You were on level 11 of the Dungeon.
You worshipped Cheibriados.
Cheibriados was aware of your devotion.
You were not hungry.

You visited 2 branches of the dungeon, and saw 12 of its levels.
You also visited: Ossuary.

You collected 411 gold pieces.

Inventory:

Hand Weapons
 J - a +0 blowgun
Missiles
 c - 10 tomahawks (quivered)
 s - 2 throwing nets
 K - 6 poisoned needles
Armour
 y - the +2 buckler of the Crypt (worn) {-Tele *Corrode +Inv Str+9}
   (You acquired it on level 8 of the Dungeon)

   It affects your strength (+9).
   It lets you turn invisible.
   It prevents most forms of teleportation.
   It may corrode you when you take damage.
Magical Staves
 z - an uncursed staff of cold
Jewellery
 v - an uncursed ring of teleportation
 w - an uncursed amulet of guardian spirit
 G - a ring of protection from cold (left tentacle)
 H - a +4 amulet of reflection (around mantle)
Wands
 g - a wand of digging (13/24)
 n - a wand of flame (1/48)
 B - a wand of flame (14/48)
 F - a wand of paralysis (2/24)
 I - a wand of paralysis (15/24)
Scrolls
 e - 7 scrolls of remove curse
 h - 4 scrolls of teleportation
 k - 2 scrolls of random uselessness {unknown}
 m - 3 scrolls of fog
 p - 2 scrolls of amnesia
 q - a scroll of blinking {unknown}
 r - 2 scrolls of identify
 t - a scroll of enchant armour {unknown}
 C - 3 scrolls of enchant weapon
 D - a scroll of immolation {unknown}
Potions
 l - 3 potions of cure mutation
 o - 2 potions of ambrosia
 x - a potion of resistance
 A - 3 potions of brilliance
 E - a potion of flight
 L - a potion of might
 M - 2 potions of heal wounds {unknown}
Books
 a - a book of Necromancy

   Spells                             Type                      Level
   a - Pain                           Necromancy                   1
   b - Animate Skeleton               Necromancy                   1
   c - Vampiric Draining              Necromancy                   3
   d - Regeneration                   Charms/Necromancy            3
   e - Animate Dead                   Necromancy                   4
   f - Control Undead                 Necromancy                   4
 j - a book of Envenomations

   Spells                             Type                      Level
   a - Spider Form                    Transmutation/Poison         3
   b - Olgreb's Toxic Radiance        Poison                       4
   c - Alistair's Intoxication        Transmutation/Poison         5
   d - Poisonous Cloud                Conjuration/Poison/Air       6
Miscellaneous
 f - a fan of gales
Comestibles
 b - 7 bread rations
 d - a slice of pizza
 i - 2 beef jerkies
 u - 4 meat rations


   Skills:
 * Level 5.4 Fighting
 * Level 6.0 Dodging
 - Level 2.6 Stealth
 * Level 5.1 Shields
 + Level 9.5 Unarmed Combat
 - Level 2.0 Spellcasting
 - Level 4.0 Necromancy
 - Level 7.0 Transmutations
 - Level 2.6 Evocations


You had one spell level left.
You knew the following spells:

 Your Spells              Type           Power        Failure   Level  Hunger
a - Pain                  Necr           ###.         2%          1    #......
b - Animate Skeleton      Necr           N/A          2%          1    #......
c - Spider Form           Trmt/Pois      ###.......   12%         3    ###....
d - Animate Dead          Necr           N/A          28%         4    #####..
r - Regeneration          Chrm/Necr      ##........   21%         3    ###....


Dungeon Overview and Level Annotations

Branches:
Dungeon (11/15)            Temple (1/1) D:7
   Lair: D:8-11         Orc: D:9-12

Altars:
Ashenzari
Cheibriados
Dithmenos
Elyvilon
Fedhas
Gozag
Kikubaaqudgha
Makhleb
Nemelex Xobeh
Okawaru
Pakellas
Qazlal
Ru
Sif Muna
Trog
Xom
Yredelemnul
Zin
The Shining One

Shops:
D:5 :   D:6 =

Annotations:
D:10 Rationalist's ghost, journeyman MiBe


Innate Abilities, Weirdness & Mutations

You cannot wear most types of armour.
You are amphibious.
You can wear up to eight rings at the same time.
You can use your tentacles to constrict eight enemies at once.
Your skin changes colour to match your surroundings (Stealth).
Your rubbery body absorbs attacks (AC +1).
You are agile. (Dex +2)
Scrolls take you a little longer to read.
Your flesh is cold resistant.
You occasionally shout uncontrollably at your foes.
You are weak. (Str -2)


Message History

* * * LOW HITPOINT WARNING * * *
Unknown command.
The manticore barely misses you. The manticore claws you!
* * * LOW HITPOINT WARNING * * *
The manticore completely misses you.
Your two-headed ogre skeleton hits the manticore with a giant spiked club!
Your two-headed ogre skeleton closely misses the manticore.
The manticore completely misses you. x2; The manticore closely misses you.
Unknown command.
You carefully extract the manticore spikes from your body.
Your skin is crawling a little less now.
Your two-headed ogre skeleton barely misses the manticore.
Your two-headed ogre skeleton hits the manticore with a dire flail.
The manticore bites you!
* * * LOW HITPOINT WARNING * * *
The manticore closely misses you. The manticore misses you.
Your two-headed ogre skeleton barely misses the manticore.
Your two-headed ogre skeleton completely misses the manticore.
The manticore bites you!!
You die...

♣♣.♣ #.# # ♣.♣♣
#.# ♣♣.♣ ##'##
♣.♣♣ ##...## ♣♣.♣
#.....## ♣.♣♣
##......# ♣♣ ♣♣.♣
#........ ♣.♣♣.♣♣
#........ ♣.@.♣♣
#........ ♣.ZH♣♣♣
#.......# ♣?...
##.....## ♣.!..
##...## ♣.... ###
##'## ♣♣.[♣ #.#
##.#### ♣♣♣ #.#
#.....#
####.###..##.#
###
####..........#.#


You could see a manticore and a friendly two-headed ogre skeleton.

Vanquished Creatures
  A hill giant (D:10)
  A troll (D:11)
  3 spriggans (D:11)
  2 wraiths (Ossuary)
  3 hippogriffs
  A hungry ghost (D:11)
  A mottled dragon (D:11)
  A water moccasin (D:10)
  An orc warrior (D:10)
  A phantom (D:10)
  An eye of draining (D:10)
  An ice beast (D:11)
  5 ogres
  2 centaurs
  The ghost of Nanban the Shooter, an amateur OpWn (D:3)
  A big kobold (D:10)
  3 giant frogs (D:7)
  A wyvern skeleton (D:11)
  6 killer bees
  2 wights (Ossuary)
  2 howler monkeys
  6 crimson imps
  3 hounds (D:4)
  A quasit (D:8)
  A giant frog zombie (D:6)
  2 giant frog skeletons
  2 orc priests
  2 centaur skeletons
  2 iguanas (D:8)
  4 orc wizards
  A worker ant (D:10)
  A hound skeleton (D:3)
  A worker ant zombie (D:5)
  6 adders
  2 shadow imps (D:6)
  An ooze (D:2)
  2 adder zombies (Ossuary)
  An adder skeleton (D:7)
  5 worms
  A dart slug (D:2)
  7 giant geckos
  17 orcs
  10 giant cockroaches
  8 goblins
  6 hobgoblins
  3 jackals
  4 quokkas
  2 ball python skeletons (Ossuary)
  3 bats
  2 giant newts
  2 gnoll zombies (D:7)
  2 hobgoblin skeletons (Ossuary)
  A hobgoblin zombie (Ossuary)
  2 jackal skeletons
  16 kobolds
  2 kobold zombies (Ossuary)
  A quokka skeleton (D:5)
  7 rats
179 creatures vanquished.

Vanquished Creatures (collateral kills)
  A two-headed ogre (D:11)
  A wyvern (D:8)
  A scorpion (D:6)
  A giant frog zombie (D:10)
  2 hounds
  An adder (D:2)
  A shadow imp (D:8)
  An adder zombie (D:5)
  An orc (D:8)
  A jackal (D:7)
11 creatures vanquished.

Grand Total: 190 creatures vanquished

Notes
Turn   | Place    | Note
--------------------------------------------------------------
     0 | D:1      | M4edhros the Octopode Necromancer began the quest for the Orb.
     0 | D:1      | Reached XP level 1. HP: 11/11 MP: 3/3
    43 | D:1      | Learned a level 1 spell: Animate Skeleton
   112 | D:1      | Reached skill level 1 in Unarmed Combat
   134 | D:1      | Reached XP level 2. HP: 6/17 MP: 0/5
   246 | D:1      | Reached skill level 2 in Unarmed Combat
   281 | D:2      | Found an opulent altar of Gozag.
   417 | D:2      | Reached XP level 3. HP: 1/21 MP: 1/6
   422 | D:2      | Learned a level 3 spell: Regeneration
   561 | D:2      | Reached skill level 3 in Unarmed Combat
   737 | D:3      | Gained mutation: You are agile. (Dex +2) [potion of mutation]
   737 | D:3      | Gained mutation: You are weak. (Str -2) [potion of mutation]
   737 | D:3      | Gained mutation: Your flesh is cold resistant. [potion of mutation]
   738 | D:3      | Gained mutation: Scrolls take you a little longer to read. [potion of mutation]
   738 | D:3      | Gained mutation: You occasionally shout uncontrollably at your foes. [potion of mutation]
   765 | D:3      | Reached XP level 4. HP: 20/27 MP: 0/7
   931 | D:4      | Reached skill level 4 in Unarmed Combat
   933 | D:4      | HP: 1/27 [giant gecko (4)]
  1010 | D:4      | Reached XP level 5. HP: 16/31 MP: 2/8
  1187 | D:4      | Found a shimmering altar of Xom.
  1187 | D:4      | Found a shimmering altar of Xom.
  1188 | D:4      | Found a shimmering altar of Xom.
  1219 | D:4      | Reached skill level 5 in Unarmed Combat
  1259 | D:4      | Noticed an ogre
  1261 | D:4      | Noticed an ogre
  1265 | D:4      | Killed an ogre
  1265 | D:4      | Reached XP level 6. HP: 36/36 MP: 9/9
  1269 | D:4      | Reached skill level 6 in Unarmed Combat
  1452 | D:5      | Entered Level 5 of the Dungeon
  1573 | D:5      | Reached XP level 7. HP: 34/41 MP: 10/10
  1584 | D:5      | Found Ixkekkat's Book Boutique.
  1603 | D:5      | Learned a level 3 spell: Spider Form
  1630 | D:5      | Found a stormy altar of Qazlal.
  1661 | D:5      | Reached skill level 7 in Unarmed Combat
  1691 | D:5      | Reached skill level 1 in Transmutations
  1774 | D:5      | Found a glowing silver altar of Zin.
  2012 | D:6      | Found a sacrificial altar of Ru.
  2025 | D:6      | Found Ufanero's Jewellery Shoppe.
  2031 | D:6      | !!!!! ! ______ shop with 5slay ring, and allround protection rings, and magic regen amulet
  2057 | D:6      | Reached XP level 8. HP: 41/46 MP: 1/11
  2129 | D:6      | Found a sand-covered staircase.
  2146 | Ossuary  | Entered an ossuary
  2240 | Ossuary  | Noticed a wraith
  2240 | Ossuary  | Noticed a flying skull
  2246 | Ossuary  | Noticed a flying skull
  2251 | Ossuary  | Noticed a wraith
  2262 | Ossuary  | Noticed a wraith
  2290 | Ossuary  | Killed a wraith
  2290 | Ossuary  | Reached skill level 5 in Transmutations
  2300 | Ossuary  | Killed a wraith
  2300 | Ossuary  | Reached skill level 8 in Unarmed Combat
  2356 | Ossuary  | Noticed a flying skull
  2358 | Ossuary  | Noticed a flying skull
  2581 | D:7      | Reached XP level 9. HP: 41/51 MP: 2/12
  2637 | D:7      | Reached skill level 1 in Fighting
  2637 | D:7      | Reached skill level 1 in Evocations
  2853 | D:6      | Found an iron altar of Okawaru.
  2956 | D:7      | Found a shadowy altar of Dithmenos.
  3063 | D:7      | Found a staircase to the Ecumenical Temple.
  3072 | Temple   | Entered the Ecumenical Temple
  3203 | D:7      | Found a basalt altar of Yredelemnul.
  3439 | D:3      | Found an oddly glowing altar of Pakellas.
  3451 | D:3      | Found a blossoming altar of Fedhas.
  3564 | D:3      | Noticed Nanban's ghost (amateur OpWn)
  3583 | D:3      | Killed Nanban's ghost
  4032 | D:7      | HP: 4/81 [poisoned by a killer bee]
  4038 | D:7      | HP: 4/81 [poisoned by a killer bee]
  4044 | D:7      | HP: 2/54 [poisoned by a killer bee]
  4309 | D:8      | Identified a scroll of acquirement
  4325 | D:8      | Got a scorched buckler
  4331 | D:8      | Identified the +2 buckler of the Crypt {-Tele *Corrode +Inv Str+9} (You acquired it on level 8 of the Dungeon)
  4405 | D:8      | Found a white marble altar of Elyvilon.
  4425 | D:8      | Reached skill level 1 in Shields
  4628 | D:8      | Learned a level 4 spell: Animate Dead
  4669 | D:8      | Found an oddly glowing altar of Pakellas.
  4847 | D:9      | Found a snail-covered altar of Cheibriados.
  4857 | D:9      | Became a worshipper of Cheibriados the Contemplative
  4896 | D:10     | Entered Level 10 of the Dungeon
  4942 | D:10     | Reached skill level 9 in Unarmed Combat
  5018 | D:10     | Noticed a hill giant
  5020 | D:10     | Noticed Rationalist's ghost (journeyman MiBe)
  5133 | D:10     | Reached XP level 10. HP: 50/63 MP: 8/13
  5198 | D:10     | Killed a hill giant
  5198 | D:10     | Reached skill level 5 in Dodging
  5348 | D:10     | Reached * piety under Cheibriados
  5742 | D:11     | Reached skill level 5 in Fighting
  5767 | D:11     | Reached skill level 5 in Shields
  5773 | D:11     | Noticed a manticore
  5806 | D:11     | Mangled by a manticore

Skill      XL: |  1  2  3  4  5  6  7  8  9 10 |
---------------+-------------------------------+-----
Unarmed Combat | 1 2 3 4 5 6 7 8 9 |  9.5
Transmutations | 3 7 |  7.0
Fighting       | 3 5 |  5.4
Evocations     | 2 |  2.6
Dodging        | 4 6 |  6.0
Shields        | 3 5 |  5.1
Stealth        | |  2.6
Spellcasting   | |  2.0
Necromancy     | |  4.0

Action                   |  1- 3 |  4- 6 |  7- 9 | 10-12 || total
-------------------------+-------+-------+-------+-------++-------
Melee: Unarmed           |    56 |    74 |   331 |    83 ||   544
       Constrict         |    11 |    10 |    70 |     7 ||    98
       Tentacles         |     6 |    10 |    64 |    20 ||   100
       Punch             |     1 |     4 |    34 |     6 ||    45
 Cast: Pain              |    35 |     8 |     4 |       ||    47
       Animate Skeleton  |     7 |     4 |    14 |     5 ||    30
       Regeneration      |     6 |     9 |    28 |    11 ||    54
       Animate Dead      |       |       |     3 |     1 ||     4
       Spider Form       |       |       |     1 |     1 ||     2
Evoke: Wand              |       |       |    16 |       ||    16
  Use: Scroll            |     4 |     2 |    13 |     2 ||    21
       Potion            |     2 |     1 |     7 |     4 ||    14
 Stab: Sleeping          |     2 |     6 |    11 |     2 ||    21
       Distracted        |       |       |     3 |       ||     3
  Eat: Chunk             |     1 |     5 |     8 |     3 ||    17
       Meat ration       |       |       |     2 |     1 ||     3
Armor: Skin              |     9 |     8 |    45 |     2 ||    64
Dodge: Dodged            |    36 |    32 |   175 |    41 ||   284
Block: Buckler           |       |       |    32 |    28 ||    60
       Other             |       |       |       |     2 ||     2
       Reflection        |       |       |       |     1 ||     1
